 Dungeon Crawl Stone Soup version 0.28-a0-175-gb2089b6bb7 (webtiles) character file.

Game seed: 1675258262844392663

189 Nattfarinn the Grave Robber (level 5, -1/35 HPs)
             Began as a Mummy Necromancer on Aug 17, 2021.
             Slain by Edmund (9 damage)
             ... on level 4 of the Dungeon.
             The game lasted 00:05:48 (4376 turns).

Nattfarinn the Grave Robber (Mummy Necromancer)     Turns: 4376, Time: 00:05:50

Health: -1/35      AC:  2    Str: 11    XL:     5   Next: 40%
Magic:  9/20       EV: 12    Int: 15    God:
Gold:   172        SH:  0    Dex: 13    Spells: 8/13 levels left

rFire   x . .      SeeInvis .   h - +0 demon whip
rCold   + . .      Faith    .   (no shield)
rNeg    + + +      Spirit   .   a - +0 robe
rPois   ∞          Reflect  .   (no helmet)
rElec   .          Harm     .   (no cloak)
rCorr   .          Rampage  .   (no gloves)
Will    .....                   (no boots)
Stlth   ++........              (no amulet)
HPRegen 0.11/turn               e - ring of magical power
MPRegen 0.17/turn               (no ring)

@: no status effects
A: cold resistance 1, negative energy resistance 3, torment resistance 2, heat
vulnerability 1, no potions
a: no special abilities


You were on level 4 of the Dungeon.
You visited 1 branch of the dungeon, and saw 4 of its levels.

You collected 172 gold pieces.

Inventory:

Hand Weapons
 h - a +0 demon whip (weapon)
Armour
 a - a +0 robe (worn)
Magical Staves
 f - a staff of earth
Jewellery
 e - a ring of magical power (left hand)
 i - a ring of protection from cold
Scrolls
 b - 3 scrolls of noise {unknown}
 c - 2 scrolls of fear {unknown}
 d - 3 scrolls of identify {unknown}
 g - a scroll of amnesia {unknown}


   Skills:
 - Level 1.5 Dodging
 - Level 1.5 Stealth
 + Level 4.5 Spellcasting
 * Level 6.0 Necromancy


You had 8 spell levels left.
You knew the following spells:

 Your Spells              Type           Power      Damage    Failure   Level
a - Pain                  Necr           84%        1d8       1%          1
b - Animate Skeleton      Necr           42%        N/A       1%          1
c - Vampiric Draining     Necr           10%        2d7       4%          3

Your spell library contained the following spells:

 Spells                   Type           Power      Damage    Failure   Level
 Animate Dead             Necr           10%        N/A       14%         4
 Agony                    Necr           21%        N/A       38%         5


Dungeon Overview and Level Annotations

Branches:
Dungeon (4/15)
 Temple: D:4-7

Altars:
Ashenzari
Gozag
Hepliaklqana
Wu Jian

Annotations:
D:2 1 runed translucent door, Crazy Yiuf
D:4 Edmund, Grinder


Innate Abilities, Weirdness & Mutations

You are immune to poison.
Your flesh is cold resistant. (rC+)
You are immune to negative energy. (rN+++)
You are immune to unholy pain and torment.
You are vulnerable to heat. (rF-)
You do not drink.


Message History

Found a stone staircase leading down.
Found a stone staircase leading down.
There is a stone staircase leading down here.
Found a robe.
You see here a +0 robe.
Found a spear.
Found a dagger.
You open the door.
There is an open door here.
Edmund the Younger comes into view.
He is wielding a +0 vorpal flail.
Edmund shouts!
You can't see any susceptible monsters within range! (Use Z to cast anyway.) Unknown command.
Unknown command.
Edmund writhes in agony.
Edmund writhes in agony!
Edmund barely resists.
Edmund barely resists.
Edmund hits you with a +0 vorpal flail.
Edmund writhes in agony!
Edmund misses you.
Edmund writhes in agony.
Edmund barely misses you.
Edmund barely resists.
Edmund hits you with a +0 vorpal flail!
Edmund writhes in agony.
Edmund hits you with a +0 vorpal flail.
Edmund barely resists.
Edmund hits you with a +0 vorpal flail!
* * * LOW HITPOINT WARNING * * *
x2 You are too injured to fight recklessly!
You are too injured to fight recklessly!
You are too injured to fight recklessly!
Unknown command.
Unknown command.
Casting: Pain (safe; 1% risk of failure)
Confirm with . or Enter, or press ? or * to list all spells.
Okay, then.
Casting: Pain (safe; 1% risk of failure)
Confirm with . or Enter, or press ? or * to list all spells.
Aiming: Vampiric Draining (dangerous; 4% risk of failure)
Press: ? - help, Shift-Dir - straight line, f/p - Edmund
Aim: Edmund, wielding a +0 vorpal flail and wearing a +0 leather armour (heavily wounded)
You draw life force from Edmund!
You feel life coursing into your body. Edmund hits you with a +0 vorpal flail!
You die...

#.# #.# ### #.# ..# #.#
#.# #.# #+## #.# #.#
#...## #.# #.##
##.....## #.# ##..#
##.......#
#.######...####.@@......
).........)...'.........
..#####....####.....$...
### #.#.## ##.......#
#.### ##.....## #.#
#...## #.# #### #.# #.#


You could see Edmund.

Vanquished Creatures
  Terence (D:3)
  Natasha (thrice) (D:2)
  3 adders
  3 worms
  3 dart slugs
  An orc (D:3)
  8 bats
  3 endoplasms
  3 giant cockroaches
  5 goblins
  2 hobgoblins (D:1)
  2 jackals (D:1)
  3 ball pythons
  5 frilled lizards
  5 kobolds
  6 rats
56 creatures vanquished.

Vanquished Creatures (collateral kills)
  A ball python (D:2)
1 creature vanquished.

Grand Total: 57 creatures vanquished

Notes
Turn   | Place    | Note
-------+----------+-------------------------------------------
     0 | D:1      | Nattfarinn the Mummy Necromancer began the quest for the
                  | Orb.
     0 | D:1      | Reached XP level 1. HP: 13/13 MP: 4/4
   257 | D:1      | Reached XP level 2. HP: 12/19 MP: 1/6
   483 | D:1      | Learned a level 1 spell: Animate Skeleton
  1067 | D:2      | Found a runed translucent door.
  1068 | D:2      | Noticed Crazy Yiuf
  1119 | D:2      | Noticed Natasha
  1127 | D:2      | Killed Natasha
  1128 | D:2      | Reached XP level 3. HP: 14/24 MP: 8/8
  1162 | D:2      | Noticed Natasha
  1168 | D:2      | Killed Natasha
  1169 | D:2      | Reached skill level 5 in Necromancy
  1169 | D:2      | Reached XP level 4. HP: 18/30 MP: 9/9
  1963 | D:2      | Noticed Natasha
  1967 | D:2      | Killed Natasha
  2564 | D:3      | Found a broken altar of Ashenzari.
  2599 | D:3      | Found a faded altar of an unknown god.
  2612 | D:3      | Reached XP level 5. HP: 28/35 MP: 11/11
  2702 | D:3      | Noticed Terence
  2900 | D:3      | Found an ornate altar of the Wu Jian Council.
  2957 | D:3      | Found a hazy altar of Hepliaklqana.
  3838 | D:3      | Killed Terence
  3839 | D:3      | Reached skill level 6 in Necromancy
  3940 | D:3      | Learned a level 3 spell: Vampiric Draining
  4057 | D:3      | Found an opulent altar of Gozag.
  4153 | D:4      | Noticed Grinder
  4365 | D:4      | Noticed Edmund
  4376 | D:4      | Slain by Edmund

Illustrated notes

Levels and vault maps discovered:
D:1:      amcnicky_arrival_choice, layout_rooms
D:2:      layout_basic, uniq_natasha, uniq_crazy_yiuf_cottage
D:3:      layout_loops_ring, marbit_many_paths, lemuel_coloured_pillars_altar,
          general_overflow_altar, nzn_wu_jian_contemplation,
          ebering_ecumenical_altar_mist, serial_co_window_serial,
          co_window_paths_b, co_window_paths_b, co_window_paths_a,
          co_window_paths_a, co_window_of_opportunity_a, co_window_paths_a,
          co_window_corner_b, co_window_unsneaky_path_a,
          co_window_of_opportunity_b, co_window_broadway_b, st_stairs_3,
          uniq_terence
D:4:      layout_loops_corners, lightli_temple_of_fire, serial_shops,
          kennysheep_little_box, uniq_edmund, uniq_grinder, uniq_eustachio

Skill      XL: |  1  2  3  4  5 |
---------------+----------------+-----
Spellcasting   | 3 4 |  4.5
Necromancy     | 5 6 |  6.0
Dodging        | |  1.5
Stealth        | |  1.5

Action                   |  1- 3 |  4- 6 || total
-------------------------+-------+-------++-------
Melee: Unarmed           |     5 |       ||     5
       Demon whip        |       |    10 ||    10
 Cast: Pain              |    51 |    86 ||   137
       Animate Skeleton  |     2 |     1 ||     3
       Vampiric Draining |       |     1 ||     1
Armor: Robe              |     5 |     1 ||     6
Dodge: Dodged            |    10 |    21 ||    31

Table legend: (Time is in decaauts)
 A = Elapsed time spent in this place.
 B = Non-inter-level travel time spent in this place.
 C = Inter-level travel time spent in this place.
 D = Time resting spent in this place.
 E = Time spent auto-exploring this place.
 F = Levels seen in this place.
 G = Mean time per level.
                   A        B        C        D        E       F      G
               +--------+--------+--------+--------+--------+-----+--------+
         Total |   4375 |   4118 |    257 |    475 |   3333 |   4 | 1093.8 |
       Dungeon |   4375 |   4118 |    257 |    475 |   3333 |   4 | 1093.8 |
               +--------+--------+--------+--------+--------+-----+--------+

Top non-repeatable levels by time:
     D:3: 1888 daAuts
     D:2: 1455 daAuts
     D:1: 901 daAuts
     D:4: 131 daAuts
